 Dungeon Crawl Stone Soup version 0.23-a0-582-g1b4a0ca2fb (webtiles) character file.

1926 Allula97 the Sneak (level 8, 0/60 HPs)
             Began as a Demonspawn Fire Elementalist on Dec 16, 2018.
             Was an Initiate of Ashenzari.
             Succumbed to a killer bee's poison
             ... on level 7 of the Dungeon.
             The game lasted 00:47:19 (8067 turns).

Allula97 the Sneak (Demonspawn Fire Elementalist)   Turns: 8067, Time: 00:47:20

Health: 0/60       AC:  7    Str: 10    XL:     8   Next: 96%
Magic:  13/13      EV: 15    Int: 16    God:    Ashenzari [......]
Gold:   80         SH:  0    Dex: 19    Spells: 2/14 levels left

rFire    + . .     SeeInvis .   u - +7 quarterstaff of Teguadon {crush, Dex+4} (curse)
rCold    x . .     Gourm    .   (shield currently unavailable)
rNeg     . . .     Faith    .   r - +0 leather armour
rPois    .         Spirit   .   l - +0 helmet
rElec    .         Reflect  .   q - +2 cloak {+Inv} (curse)
rCorr    .         Harm     .   (no gloves)
MR       .....                  (no boots)
Stlth    ++++......             (no amulet)
HPRegen  0.20/turn              d - ring of fire (curse)
MPRegen  0.13/turn              (no ring)

@: lethally poisoned (0 -> -38)
A: claws 2, nightstalker 1, sturdy frame 1
a: Curse Item, Renounce Religion, Evoke Invisibility


You were on level 7 of the Dungeon.
You worshipped Ashenzari.
Ashenzari was noncommittal.
You were not hungry.

You visited 2 branches of the dungeon, and saw 8 of its levels.

You collected 314 gold pieces.
You spent 234 gold pieces at shops.

Inventory:

Hand Weapons
 p - a +2 quarterstaff of chaos
 u - the cursed +7 quarterstaff of Teguadon (weapon) {crush, Dex+4}
   (You bought it in a shop on level 5 of the Dungeon)

   It inflicts extra damage upon your enemies.
   It affects your dexterity (+4).
   It has a curse placed upon it.
 v - a +2 dire flail of crushing
Missiles
 z - 2 throwing nets (quivered)
Armour
 l - a +0 helmet (worn)
 q - a cursed +2 cloak of invisibility (worn)
 r - a +0 leather armour (worn)
 x - a +0 large shield
 F - a +0 ring mail
Magical Staves
 A - an uncursed staff of summoning
Jewellery
 d - a cursed ring of fire (left claw)
Wands
 y - a wand of digging (3)
 B - a wand of flame (17)
Scrolls
 a - a scroll of brand weapon {unknown}
 e - 3 scrolls of teleportation
 i - a scroll of magic mapping
 j - a scroll of fog
 m - a scroll of random uselessness
 s - 3 scrolls of identify
 w - a scroll of remove curse
 D - a scroll of immolation
Potions
 k - 2 potions of resistance
 n - a potion of flight
Comestibles
 c - 7 rations


   Skills:
 * Level 4.0 Fighting
   Level 3.4 Short Blades
 * Level 2.3 Staves
 + Level 1.8 Armour
 + Level 4.5 Dodging
 - Level 4.5 Stealth
 - Level 0.8 Unarmed Combat
 + Level 3.9 Spellcasting
 + Level 3.5 Conjurations
 + Level 4.2 Fire Magic
 + Level 1.3 Evocations


You had 2 spell levels left.
You knew the following spells:

 Your Spells              Type           Power        Failure   Level  Hunger
a - Flame Tongue          Conj/Fire      ###..        3%          1    None
b - Throw Flame           Conj/Fire      ###...       5%          2    ##.....
c - Sticky Flame          Conj/Fire      ###.....     36%         4    ####...
d - Fireball              Conj/Fire      ###.......   71%         5    ######.

Your spell library contained the following spells:

 Spells                   Type           Power        Failure   Level  Hunger
 Conjure Flame            Conj/Fire      ###.....     11%         3    ###....
 Inner Flame              Hex/Fire       ##......     22%         3    ###....


Dungeon Overview and Level Annotations

Branches:
Dungeon (7/15)             Temple (1/1) D:7

Altars:
Ashenzari
Cheibriados
Dithmenos
Fedhas
Gozag
Hepliaklqana
Kikubaaqudgha
Makhleb
Nemelex Xobeh
Okawaru
Qazlal
Ru
Sif Muna
Trog
Uskayaw
Vehumet
Wu Jian
Xom
Yredelemnul
Zin
The Shining One

Shops:
D:2 *   D:5 ((

Annotations:
D:3 hemabe's ghost, amateur HuAr
D:7 1 runed door, btonasse's ghost, novice MfCK


Innate Abilities, Weirdness & Mutations

You have very sharp fingernails.
You are slightly more attuned to the shadows.
Your movements are slightly less encumbered by armour. (ER -2)


Message History

You are lethally poisoned!
The killer bee poisons you! The killer bee closely misses you.
The killer bee stings you.
You are more poisoned.
The killer bee poisons you! The killer bee closely misses you.
The killer bee stings you.
The killer bee stings you but does no damage.
You barely miss the killer bee.
The killer bee is severely wounded.
* * * LOW HITPOINT WARNING * * *
You feel very sick. The killer bee stings you.
* * * LOW HITPOINT WARNING * * *
The killer bee stings you.
* * * LOW HITPOINT WARNING * * *
The killer bee closely misses you. The killer bee completely misses you.
The killer bee barely misses you. x2
The killer bee stings you but does no damage.
You feel magically purged.
You die...

##......#.##.# ##......##..#.###
#.........#.....####
##........###.......#
#####.#.........####.##...# #
#P8P#............#.......## #.#
#))W#................#..###
....###+######.yy.......###.>..#
......$....##..y@.....#.#.#...##
..........................#####
........>..................#
........†..................#
................##...#...###
.................#...##.##
..................#######
...................#
........W........###


You could see 3 killer bees.

Vanquished Creatures
  Grinder (D:4)
  Eustachio (D:5)
  Edmund (D:4)
  An orc warrior (D:6)
  2 phantoms (D:7)
  An ogre (D:4)
  A big kobold (D:7)
  2 scorpions (D:5)
  A killer bee (D:7)
  2 howler monkeys
  4 crimson imps
  4 hounds
  2 orc wizards (D:3)
  2 orc priests (D:6)
  Crazy Yiuf (D:2)
  Ijyb (D:4)
  An iguana (D:4)
  3 worker ants
  Natasha (thrice) (D:4)
  A hound skeleton (D:4)
  2 hound zombies
  7 adders
  An ooze (D:3)
  An adder skeleton (D:4)
  2 dart slugs (D:1)
  6 leopard geckos
  26 orcs
  6 bats
  6 giant cockroaches (D:3)
  5 goblins
  6 hobgoblins
  7 jackals
  2 quokkas
  A ball python (D:3)
  6 frilled lizards
  12 kobolds
  7 rats
138 creatures vanquished.

Vanquished Creatures (others)
  2 withered plants (D:7)
2 creatures vanquished.

Grand Total: 140 creatures vanquished

Notes
Turn   | Place    | Note
-------+----------+-------------------------------------------
     0 | D:1      | Allula97 the Demonspawn Fire Elementalist began the quest
                  | for the Orb.
     0 | D:1      | Reached XP level 1. HP: 13/13 MP: 3/3
   422 | D:1      | Gained mutation: You are slightly more attuned to the
                  | shadows. [demonic ancestry]
   422 | D:1      | Reached XP level 2. HP: 20/20 MP: 1/5
   578 | D:1      | Learned a level 2 spell: Throw Flame
  1094 | D:2      | Found Zin's Purification Station.
  1111 | D:2      | Found a glowing silver altar of Zin.
  1182 | D:2      | Found an iron altar of Okawaru.
  1283 | D:2      | Reached XP level 3. HP: 21/25 MP: 0/6
  1635 | D:2      | Found a runed door.
  1639 | D:2      | Noticed Crazy Yiuf
  1647 | D:2      | Killed Crazy Yiuf
  1647 | D:2      | Reached skill level 1 in Short Blades
  1728 | D:2      | Gained mutation: Your movements are slightly less
                  | encumbered by armour. (ER -2) [demonic ancestry]
  1728 | D:2      | Reached XP level 4. HP: 16/31 MP: 4/7
  1732 | D:2      | Reached skill level 1 in Fighting
  1956 | D:3      | Found an ornate altar of the Wu Jian Council.
  2130 | D:3      | Learned a level 4 spell: Sticky Flame
  2158 | D:3      | Gained mutation: You have sharp fingernails. [demonic
                  | ancestry]
  2158 | D:3      | Reached XP level 5. HP: 28/37 MP: 3/8
  2306 | D:3      | Found a runed gate.
  2306 | D:3      | Found a runed gate.
  2306 | D:3      | Found a runed gate.
  2306 | D:3      | Noticed hemabe's ghost (amateur HuAr)
  2315 | D:3      | Identified the +4 dagger "Ruaweri" {pierce, *Contam MR+
                  | Str+3 Dex+6}
  2315 | D:3      | Identified the +6 chain mail of Inquiry {rPois rC+++ Str+3
                  | Int-4}
  2358 | D:3      | Found a stormy altar of Qazlal.
  2479 | D:3      | Found a glowing golden altar of the Shining One.
  3374 | D:4      | Noticed Ijyb
  3385 | D:4      | Killed Ijyb
  3385 | D:4      | Reached XP level 6. HP: 43/43 MP: 4/10
  3700 | D:4      | Noticed Grinder
  3703 | D:4      | Paralysed by Grinder for 5 turns
  3710 | D:4      | Paralysed by Grinder for 5 turns
  3723 | D:4      | Killed Grinder
  3723 | D:4      | Reached XP level 7. HP: 37/50 MP: 5/11
  4194 | D:4      | Noticed Edmund
  4259 | D:4      | Killed Edmund
  4389 | D:4      | Noticed Natasha
  4392 | D:4      | Killed Natasha
  4432 | D:4      | Noticed Natasha
  4441 | D:4      | Killed Natasha
  4657 | D:4      | Noticed Natasha
  4664 | D:4      | Killed Natasha
  4681 | D:5      | Entered Level 5 of the Dungeon
  4917 | D:5      | Gained mutation: You have very sharp fingernails. [demonic
                  | ancestry]
  4917 | D:5      | Reached XP level 8. HP: 50/57 MP: 8/13
  4957 | D:5      | Found Zirro's Antique Weapon Shoppe.
  5081 | D:5      | Found Vejy's Weapon Boutique.
  5254 | D:5      | Noticed Eustachio
  5267 | D:5      | Killed Eustachio
  5456 | D:6      | Found a bloodstained altar of Trog.
  5563 | D:6      | Found a deep blue altar of Sif Muna.
  5601 | D:6      | Reached skill level 1 in Staves
  5613 | D:6      | Found a hazy altar of Hepliaklqana.
  5975 | D:6      | Found a sacrificial altar of Ru.
  6013 | D:6      | Reached skill level 1 in Armour
  6485 | D:6      | HP: 1/58 [orc warrior/+0 mace (8)]
  6843 | D:7      | Found a staircase to the Ecumenical Temple.
  6849 | Temple   | Entered the Ecumenical Temple
  7148 | Temple   | Became a worshipper of Ashenzari the Shackled
  7287 | D:5      | Bought a translucent quarterstaff for 234 gold pieces
  7291 | D:5      | Identified the +7 quarterstaff of Teguadon {crush, Dex+4}
                  | (You bought it in a shop on level 5 of the Dungeon)
  7515 | D:6      | Reached skill level 1 in Evocations
  7528 | D:6      | Learned a level 5 spell: Fireball
  7643 | D:7      | Found a runed door.
  7654 | D:7      | Noticed btonasse's ghost (novice MfCK)
  8066 | D:7      | HP: 3/60 [killer bee (6)]
  8067 | D:7      | Succumbed to a killer bee's poison

Vault maps used:
D:1:      dpeg_arrival_shrine, roderic_lattice_a
D:2:      lemuel_round_altar, zin_purify, uniq_crazy_yiuf_cottage
D:3:      minmay_angry_zag, overflow_temple_1_default, tso_oasis_becter,
          grunt_qazlal_clouds, biasface_ghost_orc_armoury
D:4:      uniq_ijyb, uniq_natasha, uniq_grinder, uniq_edmund
D:5:      first_ration, serial_shops, shop_fountains, shop, uniq_eustachio
D:6:      lemuel_crystal_altar, nicolae_ru_path_of_blood,
          lemuel_coloured_pillars_altar, kennysheep_mini,
          kennysheep_cluttered_room, minmay_starry_boxes
D:7:      minmay_temple_entry_arrows, gammafunk_ghost_grave, grunt_ogre_cave,
          skrybe_limestone_x
Temple:   hc_temple_tempest_star

Skill      XL: |  1  2  3  4  5  6  7  8 |
---------------+-------------------------+-----
Dodging        | 2 3 4 |  4.5
Stealth        | 2 3 4 |  4.5
Short Blades   | 1 2 3 |  3.4
Fighting       | 1 2 4 |  4.0
Fire Magic     | 3 4 |  4.2
Conjurations   | 2 3 |  3.5
Spellcasting   | 3 |  3.9
Staves         | 2 |  2.3
Armour         | 1 |  1.8
Evocations     | 1 |  1.3
Unarmed Combat | |  0.8

Action                   |  1- 3 |  4- 6 |  7- 9 || total
-------------------------+-------+-------+-------++-------
Melee: Unarmed           |    14 |       |    56 ||    70
       Dagger            |    27 |   223 |    34 ||   284
       Quarterstaff      |       |       |   119 ||   119
 Cast: Flame Tongue      |    46 |    51 |    49 ||   146
       Throw Flame       |       |    26 |    18 ||    44
       Sticky Flame      |       |     1 |     1 ||     2
Invok: Curse Item        |       |       |     3 ||     3
 Abil: Evoke Invisibilit |       |     1 |     1 ||     2
Evoke: Wand              |       |     4 |     2 ||     6
  Use: Scroll            |     7 |     7 |    12 ||    26
       Potion            |       |     2 |     4 ||     6
 Stab: Sleeping          |     4 |    10 |     4 ||    18
       Invisible         |       |     2 |     4 ||     6
       Paralysed         |       |     3 |       ||     3
  Eat: Chunk             |     3 |     6 |     9 ||    18
       Ration            |       |     1 |     2 ||     3
Armor: Robe              |     8 |       |       ||     8
       Leather armour    |       |    62 |    67 ||   129
Dodge: Dodged            |    41 |   161 |   213 ||   415

Table legend:
 A = Non-vault XP
 B = Vault XP
 C = Vault XP percentage of total XP
 D = Non-vault monster count
 E = Vault monster count
 F = Vault count percentage of total count
                 A         B        C        D         E       F
            +---------+---------+-------+---------+---------+-------
      Total |    1949 |     803 |  29.2 |     119 |      19 |  13.8
            +---------+---------+-------+---------+---------+-------
        D:1 |      25 |       0 |   0.0 |      14 |       0 |   0.0
        D:2 |      36 |      37 |  50.7 |      14 |       1 |   6.7
        D:3 |     217 |      30 |  12.1 |      40 |      11 |  21.6
        D:4 |     450 |     517 |  53.5 |      13 |       4 |  23.5
        D:5 |     274 |     182 |  39.9 |      15 |       1 |   6.2
        D:6 |     390 |      37 |   8.7 |      11 |       2 |  15.4
        D:7 |     555 |       0 |   0.0 |      10 |       0 |   0.0
     Temple |       2 |       0 |   0.0 |       2 |       0 |   0.0
            +---------+---------+-------+---------+---------+-------
